MingLee, neutral male gnomish Wizard -- .--- .... ... -..- ---- ----- |..| |..|--...--|..|--- - |..--......|..--.--- ..| --........|......G.....- --.......----...........| |........| |...........| --.......-----.........-- ---.......| |...--.---- |.......--|.--- .. |..--....||.- -- --..|---.--|. --..-| --- --- |....| ---.-- --- MingLee the Conjurer Experience level: 4 Strength: 12 Dexterity: 16 Constitution: 15 Intelligence: 16 Wisdom: 10 Charisma: 10 Health: 0(20) Energy: 23(33) Def: 2 Gold: 136 Moves: 1506 Dungeon seed: Uozg9KSbjvEbIUVY Game ID: MingLee_1463148422 Your Inventory: Coins $ - 136 gold pieces Weapons a - a blessed +1 quarterstaff (weapon in hands) Armor e - an uncursed greased +0 cloak of magic resistance (being worn) Comestibles r - 2 uncursed lichen corpses Scrolls i - 2 uncursed scrolls of identify j - an uncursed scroll of destroy armor p - an uncursed scroll of enchant weapon q - an uncursed scroll of stinking cloud u - a cursed scroll of teleportation z - an uncursed scroll of light Spellbooks k - a blessed spellbook of force bolt l - an uncursed spellbook of light Potions f - an uncursed potion of paralysis g - an uncursed potion of blindness h - an uncursed potion of fruit juice s - an uncursed potion of hallucination x - an uncursed potion of sleeping Rings c - an uncursed ring of slow digestion (on left hand) d - an uncursed +1 ring of protection (on right hand) n - an uncursed ring of warning Wands b - an uncursed wand of digging (0:6) o - an uncursed wand of undead turning (0:7) Tools m - an uncursed magic marker (0:67) v - an uncursed lock pick A - an uncursed partly used tallow candle (lit) (0:76) B - an uncursed can of grease (0:14) Gems y - an uncursed touchstone N - an uncursed turquoise stone Spells and supernatural/magical abilities: Name Level Category Fail Memory a - force bolt 1 attack 0% 93% l - light 1 divination 0% 93% W - pray for help -- divine ? -- Your skills at the end: Fighting Skills Weapon Skills quarterstaff [Basic] Spellcasting Skills attack spells [Basic] enchantment spells [Basic] Final Attributes: You were piously aligned. You were magic-protected. You had infravision. You had slower digestion. You were protected. You were unlucky. You are dead. Vanquished creatures: a shrieker a floating eye a kitten an orc zombie an acid blob 2 hobbits 6 manes 3 giant rats a brown mold a yellow mold 2 gnomes a gnome zombie 3 geckos 2 jackals a kobold 2 goblins a sewer rat 2 grid bugs 6 lichens 8 newts 46 creatures vanquished. Voluntary challenges: You were an atheist. You used a wielded weapon 42 times, starting on turn 1. You read items or engraved 48 times, starting on turn 114. You never genocided any monsters. You never polymorphed an object. You never changed form. You used no wishes. You never split a pudding. You wrote Elbereth's name 45 times, starting on turn 115. You violated your moral code, losing 20 points of alignment, starting on turn 1006. Dungeon overview: The Dungeons of Doom: levels 1 to 3 Level 1 some fountains a long staircase Level 2 a fountain stairs to The Gnomish Mines Level 3 a fountain The Gnomish Mines: levels 3 to 5 Level 3 stairs to The Dungeons of Doom Level 4 Level 5 <- You were here History has recorded: On T:1 you entered the Dungeons of Doom to retrieve the Amulet of Yendor! On T:200 you advanced to experience level 2. On T:347 you reached level 2 of The Dungeons of Doom. On T:607 you reached level 1 of The Gnomish Mines. On T:682 you advanced to experience level 3. On T:691 you reached level 3 of The Dungeons of Doom. On T:955 you reached level 2 of The Gnomish Mines. On T:1101 you advanced to experience level 4. On T:1394 you reached level 3 of The Gnomish Mines. Score breakdown: Gold: 136 ( 7268 points) Experience: 4 levels ( 9649 points) Exploration: 5 levels ( 9.80%) ( 8485 points) Discoveries: 4 items ( 1.39%) ( 3535 points) Valuables value: (no points given unless you survive) Artifact value: 0 ( 0 points) Variety of kills: 20 monsters ( 5.25%) ( 6873 points) Turncount: 1506 turns ( 0 points) Survival: died (score multiplied by 80%) Total score: 28648 Latest messages: You fall into a pit! You land on a set of sharp iron spikes! You die... Final status: Goodbye MingLee the Wizard, fell into a pit of iron spikes... You died in The Gnomish Mines on dungeon level 5 with 28648 points, and 136 pieces of gold, after 1506 moves. You were level 4 with a maximum of 20 hit points when you died.